MWL (24 & UNDER)
LEE'S SUMMIT TIGERS @ CINCINNATI PRIDE
08/24/2029
 
TOP OF THE 1ST
Lee's Summit Tigers batting - Pitching for Cincinnati Pride : RHP Ben Larsen
Pitching: RHP Ben Larsen
Batting: LHB José Guerrero 0-0: Ball
1-0: Fly out, F8 (Flyball, 8RM)
Batting: RHB José Gómez 0-0: Called Strike
0-1: Ball
1-1: Ball
2-1: Foul Ball, location: 2F
2-2: Strikes out swinging, 2-3 out at first.
Batting: LHB Chris Gibson 0-0: Ball
1-0: Called Strike
1-1: Ball
2-1: Ball
3-1: Base on Balls
Batting: RHB John Arnold 0-0: Called Strike
0-1: Ball
1-1: Ball
2-1: Ball
3-1: Base on Balls
Chris Gibson to second
Batting: RHB Salvador Rodríguez 0-0: Fly out, F3 (Popup, 3)
Top of the 1st over - 0 runs, 0 hits, 0 errors, 2 left on base; Lee's Summit 0 - Cincinnati 0
BOTTOM OF THE 1ST
Cincinnati Pride batting - Pitching for Lee's Summit Tigers : RHP José Hernández
Pitching: RHP José Hernández
Batting: LHB Will O'Dell 0-0: Called Strike
0-1: Ball
1-1: Ball
2-1: Ball
3-1: Called Strike
3-2: Base on Balls
Batting: SHB Jorge Maldonado 0-0: Ball
1-0: Ball
2-0: Called Strike
2-1: Fielders Choice at 2nd, 4-6 (Groundball, 4M)
Batting: RHB Jesús Solís 0-0: Called Strike
0-1: SINGLE (Line Drive, 56D)
Jorge Maldonado to second
Batting: LHB Carl Hayden 0-0: Ball
1-0: Swinging Strike
1-1: Ball
2-1: Ball
3-1: Base on Balls
Jorge Maldonado to third
Jesús Solís to second
Batting: RHB José Casillán 0-0: Ground out 5-3 (Groundball, 56S)
Jorge Maldonado scores
Jesús Solís to third
Carl Hayden to second
Batting: LHB José Esparza 0-0: Foul Ball, location: 2F
0-1: Called Strike
0-2: Ball
1-2: Strikes out looking
Bottom of the 1st over - 1 run, 1 hit, 0 errors, 2 left on base; Lee's Summit 0 - Cincinnati 1
TOP OF THE 2ND
Lee's Summit Tigers batting - Pitching for Cincinnati Pride : RHP Ben Larsen
Batting: RHB José Deleón 0-0: Hit by Pitch
Batting: SHB Enrique Bartoccini 0-0: Called Strike
0-1: Swinging Strike
0-2: Strikes out looking
Batting: RHB Santiago Torres 0-0: Ball
1-0: Ball
2-0: Ground out 6-3 (Groundball, 6S)
José Deleón to second
Batting: RHB Stephen Segura 0-0: Called Strike
0-1: Ground out 5-3 (Groundball, 56)
Top of the 2nd over - 0 runs, 0 hits, 0 errors, 1 left on base; Lee's Summit 0 - Cincinnati 1
BOTTOM OF THE 2ND
Cincinnati Pride batting - Pitching for Lee's Summit Tigers : RHP José Hernández
Batting: RHB José Hernández 0-0: Ball
1-0: Called Strike
1-1: Foul Ball, location: 2F
1-2: Strikes out looking
Batting: LHB Pablo Garza 0-0: Swinging Strike
0-1: Ball
1-1: SINGLE (Line Drive, 89M)
Batting: RHB Raúl Gómez 0-0: Called Strike
0-1: Swinging Strike
0-2: Strikes out swinging
Batting: LHB Will O'Dell 0-0: Called Strike
0-1: Fly out, F9 (Flyball, 9)
Bottom of the 2nd over - 0 runs, 1 hit, 0 errors, 1 left on base; Lee's Summit 0 - Cincinnati 1
TOP OF THE 3RD
Lee's Summit Tigers batting - Pitching for Cincinnati Pride : RHP Ben Larsen
Batting: LHB José Guerrero 0-0: Ball
1-0: Foul Ball, location: 2F
1-1: Ball
2-1: Foul Ball, location: 2F
2-2: Foul Ball, location: 2F
2-2: Ball
3-2: SINGLE (Groundball, 56) (infield hit)
Batting: RHB José Gómez 0-0: Ball
1-0: Ball
2-0: SINGLE (Flyball, 9S)
José Guerrero to second
Runner from 2nd tries for 3rd, SAFE, no throw
Batting: LHB Chris Gibson 0-0: Called Strike
0-1: Called Strike
0-2: Ball
1-2: Foul Ball, location: 2F
1-2: Strikes out looking
Batting: RHB John Arnold 0-0: Ball
José Gómez is caught stealing 2nd base
1-0: Ball
2-0: Ball
3-0: Called Strike
3-1: Base on Balls
Batting: RHB Salvador Rodríguez 0-0: Swinging Strike
0-1: Ball
1-1: Called Strike
1-2: Foul Ball, location: 2F
1-2: Ball
2-2: Foul Ball, location: 2F
2-2: Fly out, F4 (Line Drive, 4)
Top of the 3rd over - 0 runs, 2 hits, 0 errors, 2 left on base; Lee's Summit 0 - Cincinnati 1
BOTTOM OF THE 3RD
Cincinnati Pride batting - Pitching for Lee's Summit Tigers : RHP José Hernández
Batting: SHB Jorge Maldonado 0-0: Swinging Strike
0-1: Ball
1-1: Ball
2-1: Swinging Strike
2-2: Ball
3-2: Ground out 6-3 (Groundball, 6)
Batting: RHB Jesús Solís 0-0: Fly out, F9 (Flyball, 9S)
Batting: LHB Carl Hayden 0-0: Foul Ball, location: 2F
0-1: Ball
1-1: Ground out 6-3 (Groundball, 6)
Bottom of the 3rd over - 0 runs, 0 hits, 0 errors, 0 left on base; Lee's Summit 0 - Cincinnati 1
TOP OF THE 4TH
Lee's Summit Tigers batting - Pitching for Cincinnati Pride : RHP Ben Larsen
Batting: RHB José Deleón 0-0: Ball
1-0: Ball
2-0: Hit by Pitch
Batting: SHB Enrique Bartoccini 0-0: Fly out, F1 (Line Drive, 13)
Batting: RHB Santiago Torres 0-0: Ball
1-0: Ball
2-0: Ball
3-0: Called Strike
3-1: Foul Ball, location: 2F
3-2: Strikes out looking
Batting: RHB Stephen Segura 0-0: Foul Ball, location: 2F
0-1: Foul Ball, location: 2F
0-2: Fly out, F7 (Flyball, 7LS)
Top of the 4th over - 0 runs, 0 hits, 0 errors, 1 left on base; Lee's Summit 0 - Cincinnati 1
BOTTOM OF THE 4TH
Cincinnati Pride batting - Pitching for Lee's Summit Tigers : RHP José Hernández
Batting: RHB José Casillán 0-0: Called Strike
0-1: Ball
1-1: Swinging Strike
1-2: Ball
2-2: Strikes out swinging
Batting: LHB José Esparza 0-0: Foul Ball, location: 2F
0-1: Swinging Strike
0-2: Ball
1-2: Reached on error, E5 (Groundball, 56S)
Batting: RHB José Hernández 0-0: Ball
1-0: Called Strike
1-1: Swinging Strike
1-2: Ball
2-2: Strikes out swinging
Batting: LHB Pablo Garza 0-0: Ground out 4-3 (Groundball, 4)
Bottom of the 4th over - 0 runs, 0 hits, 1 error, 1 left on base; Lee's Summit 0 - Cincinnati 1
TOP OF THE 5TH
Lee's Summit Tigers batting - Pitching for Cincinnati Pride : RHP Ben Larsen
Batting: LHB José Guerrero 0-0: Foul Ball, location: 2F
0-1: Foul Ball, location: 2F
0-2: Strikes out swinging, 2-3 out at first.
Batting: RHB José Gómez 0-0: Ball
1-0: SINGLE (Groundball, 6MD)
Batting: LHB Chris Gibson 0-0: Called Strike
0-1: Ball
1-1: Swinging Strike
1-2: Foul Ball, location: 2F
1-2: Foul Ball, location: 2F
1-2: Ball
2-2: Foul Ball, location: 2F
2-2: Fly out, F6 (Popup, 6MD)
Batting: RHB John Arnold 0-0: Called Strike
0-1: Foul Ball, location: 2F
0-2: Ball
1-2: Foul Ball, location: 2F
1-2: Strikes out swinging
Top of the 5th over - 0 runs, 1 hit, 0 errors, 1 left on base; Lee's Summit 0 - Cincinnati 1
BOTTOM OF THE 5TH
Cincinnati Pride batting - Pitching for Lee's Summit Tigers : RHP José Hernández
Batting: RHB Raúl Gómez 0-0: Ground out 6-3 (Groundball, 6)
Batting: LHB Will O'Dell 0-0: Called Strike
0-1: Ball
1-1: Foul Ball, location: 2F
1-2: Ball
2-2: Ball
3-2: Fly out, F9 (Flyball, 9S)
Batting: SHB Jorge Maldonado 0-0: Called Strike
0-1: Ball
1-1: Foul Ball, location: 2F
1-2: Ball
2-2: Strikes out swinging
Bottom of the 5th over - 0 runs, 0 hits, 0 errors, 0 left on base; Lee's Summit 0 - Cincinnati 1
TOP OF THE 6TH
Lee's Summit Tigers batting - Pitching for Cincinnati Pride : RHP Ben Larsen
Batting: RHB Salvador Rodríguez 0-0: Ball
1-0: SOLO HOME RUN (Flyball, 78XD), Distance : 434 ft
Batting: RHB José Deleón 0-0: Called Strike
0-1: Fly out, F4 (Line Drive, 4)
Batting: SHB Enrique Bartoccini 0-0: Called Strike
0-1: Ball
1-1: Ball
2-1: DOUBLE (Line Drive, 8LD)
Batting: RHB Santiago Torres 0-0: Intentional Walk
Batting: RHB Stephen Segura 0-0: Called Strike
0-1: Ball
1-1: Ball
2-1: Foul Ball, location: 2F
2-2: Fly out, F7 (Flyball, 7S)
Batting: LHB José Guerrero 0-0: Swinging Strike
0-1: Ball
1-1: Foul Ball, location: 2F
1-2: Ball
2-2: Foul Ball, location: 2F
2-2: Ball
3-2: Strikes out swinging
Top of the 6th over - 1 run, 2 hits, 0 errors, 2 left on base; Lee's Summit 1 - Cincinnati 1
BOTTOM OF THE 6TH
Cincinnati Pride batting - Pitching for Lee's Summit Tigers : RHP José Hernández
Batting: RHB Jesús Solís 0-0: Called Strike
0-1: Foul Ball, location: 2F
0-2: Ball
1-2: Ball
2-2: Strikes out swinging
Batting: LHB Carl Hayden 0-0: Foul Ball, location: 2F
0-1: Ball
1-1: Called Strike
1-2: Strikes out swinging
Batting: RHB José Casillán 0-0: Ball
1-0: Foul Ball, location: 2F
1-1: Ball
2-1: Foul Ball, location: 2F
2-2: Ground out 5-3 (Groundball, 5)
Bottom of the 6th over - 0 runs, 0 hits, 0 errors, 0 left on base; Lee's Summit 1 - Cincinnati 1
TOP OF THE 7TH
Lee's Summit Tigers batting - Pitching for Cincinnati Pride : RHP Ben Larsen
Pinch Hitting: LHB Víctor Piña 0-0: Ball
1-0: Foul Ball, location: 2F
1-1: Swinging Strike
1-2: Ball
2-2: Foul Ball, location: 2F
2-2: Foul Ball, location: 2F
2-2: Foul Ball, location: 2F
2-2: Ball
3-2: Foul Ball, location: 2F
3-2: Base on Balls
Pitching: LHP Armando Alvarado
Pinch Hitting: SHB Tony Morrison 0-0: SINGLE (Groundball, 4D)
Víctor Piña to second
Batting: RHB John Arnold 0-0: Ball
1-0: Foul Ball, location: 2F
1-1: Ball
2-1: Fly out, F9 (Flyball, 9)
Pinch Runner at 2nd David Gómez:
Batting: RHB Salvador Rodríguez 0-0: Ball
1-0: Foul Ball, location: 2F
1-1: Called Strike
1-2: Ball
2-2: Foul Ball, location: 2F
2-2: Ball
3-2: Foul Ball, location: 2F
3-2: SINGLE (Flyball, 78M)
David Gómez to third
Tony Morrison to second
Runner from 3rd tries for Home, SAFE, no throw
Batting: RHB José Deleón 0-0: Ball
1-0: Swinging Strike
1-1: Ball
2-1: Ball
3-1: Swinging Strike
3-2: Base on Balls
Tony Morrison to third
Salvador Rodríguez to second
Pinch Hitting: LHB Tristan Sims 0-0: Ball
1-0: Foul Ball, location: 2F
1-1: DOUBLE (Flyball, 89D)
Tony Morrison scores
Salvador Rodríguez scores
José Deleón to third
Batting: RHB Santiago Torres 0-0: Intentional Walk
Batting: RHB Stephen Segura 0-0: Called Strike
0-1: Ball
1-1: Ball
2-1: Foul Ball, location: 2F
2-2: Ball
3-2: Foul Ball, location: 2F
3-2: Base on Balls
José Deleón scores
Tristan Sims to third
Santiago Torres to second
Batting: LHB José Guerrero 0-0: Called Strike
0-1: Ball
1-1: Ball
2-1: Ball
3-1: Fly out, F9 (Flyball, 9S)
Batting: LHB David Gómez 0-0: Ball
1-0: Swinging Strike
1-1: Called Strike
1-2: Fly out, F4 (Line Drive, 4)
Top of the 7th over - 4 runs, 3 hits, 0 errors, 3 left on base; Lee's Summit 5 - Cincinnati 1
BOTTOM OF THE 7TH
Cincinnati Pride batting - Pitching for Lee's Summit Tigers : RHP José Hernández
Pitching: RHP Francisco Ramírez
Now at 3B: David Gómez
Now at SS: Tristan Sims
Now in LF: Tony Morrison
Batting: LHB José Esparza 0-0: Ball
1-0: Called Strike
1-1: Ball
2-1: Ball
3-1: Swinging Strike
3-2: Ground out U3 (Groundball, 3)
Batting: RHB José Hernández 0-0: Called Strike
0-1: Foul Ball, location: 2F
0-2: Ball
1-2: Ball
2-2: Foul Ball, location: 2F
2-2: Ground out 5-3 (Groundball, 5S)
Batting: LHB Pablo Garza 0-0: Ground out 5-3 (Groundball, 56)
Bottom of the 7th over - 0 runs, 0 hits, 0 errors, 0 left on base; Lee's Summit 5 - Cincinnati 1
TOP OF THE 8TH
Lee's Summit Tigers batting - Pitching for Cincinnati Pride : LHP Armando Alvarado
Pitching: RHP Harry Cuevas
Batting: SHB Tony Morrison 0-0: Called Strike
0-1: Swinging Strike
0-2: Ball
1-2: Ball
2-2: Fly out, F7 (Flyball, 7D)
Batting: RHB John Arnold 0-0: Ball
1-0: Ball
2-0: Fly out, F3 (Popup, 3S)
Batting: RHB Salvador Rodríguez 0-0: Called Strike
0-1: Foul Ball, location: 2F
0-2: SINGLE (Flyball, 9LS)
Batting: RHB José Deleón 0-0: Ball
Salvador Rodríguez steals 2nd base
1-0: Called Strike
1-1: Ball
2-1: Foul Ball, location: 2F
2-2: Ball
3-2: Strikes out swinging
Top of the 8th over - 0 runs, 1 hit, 0 errors, 1 left on base; Lee's Summit 5 - Cincinnati 1
BOTTOM OF THE 8TH
Cincinnati Pride batting - Pitching for Lee's Summit Tigers : RHP Francisco Ramírez
Batting: RHB Raúl Gómez 0-0: Foul Ball, location: 2F
0-1: TRIPLE (Line Drive, 8LXD)
Batting: LHB Will O'Dell 0-0: SINGLE (Groundball, 5S) (infield hit)
Raúl Gómez scores
Batting: SHB Jorge Maldonado 0-0: Ball
1-0: DOUBLE (Flyball, 78D)
Will O'Dell to third
Runner from 3rd tries for Home, SAFE, no throw
Batting: RHB Jesús Solís 0-0: Called Strike
0-1: Ball
Wild Pitch!
Jorge Maldonado to third
1-1: SINGLE (Flyball, 4D)
Jorge Maldonado scores
Pitching: LHP Luis Sandoval
Pinch Hitting: RHB Orlando González 0-0: Ball
1-0: Swinging Strike
1-1: Ball
Wild Pitch!
Jesús Solís to second
2-1: Ball
3-1: Foul Ball, location: 2F
3-2: Strikes out looking
Batting: RHB José Casillán 0-0: Called Strike
0-1: Ball
1-1: Ball
2-1: Foul Ball, location: 2F
2-2: Ball
3-2: SINGLE (Line Drive, 8RS)
Jesús Solís to third
Pinch Hitting: RHB Toshiki Kokawa 0-0: Foul Ball, location: 2F
0-1: Fly out, F8 (Flyball, 8RM)
Runner from 3rd tags up, OUT at HOME
Bottom of the 8th over - 3 runs, 5 hits, 0 errors, 1 left on base; Lee's Summit 5 - Cincinnati 4
TOP OF THE 9TH
Lee's Summit Tigers batting - Pitching for Cincinnati Pride : RHP Harry Cuevas
Pitching: LHP Graham O'Day
Now at 1B: Steve Davenport
Now in LF: Orlando González
Batting: LHB Tristan Sims 0-0: Ball
1-0: Called Strike
1-1: Ball
2-1: Ground out U3 (Groundball, 34S)
Batting: RHB Santiago Torres 0-0: Swinging Strike
0-1: Swinging Strike
0-2: Strikes out looking
Batting: RHB Stephen Segura 0-0: Ball
1-0: Ball
2-0: Ball
3-0: Swinging Strike
3-1: Called Strike
3-2: Strikes out swinging
Top of the 9th over - 0 runs, 0 hits, 0 errors, 0 left on base; Lee's Summit 5 - Cincinnati 4
BOTTOM OF THE 9TH
Cincinnati Pride batting - Pitching for Lee's Summit Tigers : LHP Luis Sandoval
Batting: RHB José Hernández 0-0: Called Strike
0-1: SINGLE (Groundball, 6M) (infield hit)
Pinch Hitting: RHB Steve Meyers 0-0: Called Strike
0-1: Ball
1-1: Ball
2-1: Foul Ball, location: 2F
2-2: Ball
3-2: Strikes out looking
Pinch Hitting: RHB Keith Sheehan 0-0: Called Strike
0-1: Foul Ball, location: 2F
0-2: Ball
1-2: Ball
2-2: Ball
3-2: Base on Balls
José Hernández to second
Batting: LHB Will O'Dell 0-0: Ball
1-0: Ball
2-0: Ball
3-0: Called Strike
3-1: Foul Ball, location: 2F
3-2: Strikes out swinging
Batting: SHB Jorge Maldonado 0-0: DOUBLE (Groundball, 5L)
José Hernández scores
Keith Sheehan to third
Batting: RHB Jesús Solís 0-0: Foul Ball, location: 2F
0-1: Called Strike
0-2: SINGLE (Line Drive, 78S)
Keith Sheehan scores
Saturday, December 16th, 2017 - OOTP Baseball 18.8 Build 76